[ AOE2 MATCH · #457449007 ]
Team RMCumans vs Persians
[ REPLAY ANALYSIS · EXTRACTED FROM THE RECORDED GAME ]
Feudal
9:36
Castle
19:27
Imperial
31:08
| APM avg | 33.3 |
| APM peak | 72 |
| eAPM avg | 22.0 |
| Villagers / military | 156 / 205 |
Focus
⚔️ 36.2% · 🌾 63.8%
Spearman ×155 · Battering Ram ×44 · Mangonel ×6
Feudal
11:07
Castle
14:42
Imperial
32:37
| APM avg | 36.6 |
| APM peak | 82 |
| eAPM avg | 15.6 |
| Villagers / military | 113 / 69 |
Focus
⚔️ 40.8% · 🌾 59.2%
Knight ×64 · Trebuchet (Packed) ×3 · Spearman ×1 · Monk ×1
Feudal
11:05
Castle
19:11
Imperial
34:01
| APM avg | 25.6 |
| APM peak | 55 |
| eAPM avg | 11.7 |
| Villagers / military | 87 / 57 |
Focus
⚔️ 23.5% · 🌾 76.5%
Archer ×41 · Fire Lancer ×13 · Mangonel ×3
Feudal
10:59
Castle
14:59
Imperial
34:49
| APM avg | 59.4 |
| APM peak | 117 |
| eAPM avg | 22.2 |
| Villagers / military | 162 / 103 |
Focus
⚔️ 39.0% · 🌾 61.0%
Conquistador ×84 · Monk ×6 · Spearman ×6 · Mangonel ×4 · Trebuchet (Packed) ×3
Match map
Initial resources + every placement click. Lines = walls · curves = elevation contours. ◆ gold · ⬟ stone · ● berries · ✦ relic · ◌ wall gap
Your base· ✓ Closed at 19:27 · 5t walls · no gate
Wombat UA>Ptn's base· ✓ Closed at 14:42 · 3t walls · 1 gate(s)
Nico's base· ✓ Closed at 19:11 · 0t walls · no gate
Alto Ki's base· ✓ Closed at 14:59 · 4t walls · 1 gate(s)
Smoothed initial terrain · ◌ = detected wall gap · hover for details
Inputs per minute
— G Baroj - - Wombat UA>Ptn
Build order — G Baroj
First 150 of 407 actions detected
| 0:01 | Create | Villager (Male) |
| 0:02 | Create | Villager (Male) |
| 0:03 | Build | House |
| 0:21 | Create | Villager (Male) |
| 0:21 | Create | Villager (Male) |
| 0:21 | Create | Villager (Male) |
| 1:05 | Build | House |
| 1:06 | Build | House |
| 1:37 | Create | Villager (Male) |
| 1:38 | Create | Villager (Male) |
| 1:48 | Build | House |
| 2:15 | Create | Villager (Male) |
| 2:16 | Create | Villager (Male) |
| 2:32 | Create | Villager (Male) |
| 2:33 | Create | Villager (Male) |
| 2:46 | Build | Lumber Camp |
| 3:06 | Create | Villager (Male) |
| 3:06 | Create | Villager (Male) |
| 3:09 | Create | Villager (Male) |
| 3:09 | Create | Villager (Male) |
| 3:15 | Create | Villager (Male) |
| 3:56 | Create | Villager (Male) |
| 3:57 | Create | Villager (Male) |
| 4:23 | Create | Villager (Male) |
| 5:20 | Create | Villager (Male) |
| 5:21 | Create | Villager (Male) |
| 5:34 | Create | Villager (Male) |
| 5:35 | Create | Villager (Male) |
| 5:45 | Create | Villager (Male) |
| 6:10 | Create | Villager (Male) |
| 6:26 | Create | Villager (Male) |
| 6:27 | Create | Villager (Male) |
| 6:49 | Build | Mill |
| 6:49 | Create | Villager (Male) |
| 6:50 | Create | Villager (Male) |
| 7:25 | Research | Feudal Age |
| 7:25 | Research | Feudal Age |
| 7:53 | Build | House |
| 7:55 | Build | House |
| 7:57 | Build | House |
| 7:59 | Build | Palisade Wall |
| 7:59 | Build | Palisade Wall |
| 8:00 | Create | Villager (Male) |
| 8:17 | Create | Villager (Male) |
| 8:17 | Create | Villager (Male) |
| 8:32 | Create | Villager (Male) |
| 9:30 | Build | Farm |
| 9:33 | Build | Farm |
| 9:36 | Age | Feudal Age |
| 9:39 | Create | Villager (Male) |
| 9:39 | Create | Villager (Male) |
| 9:50 | Build | Town Center |
| 10:00 | Build | Farm |
| 10:10 | Create | Villager (Male) |
| 10:20 | Create | Villager (Male) |
| 10:26 | Build | Farm |
| 10:59 | Research | Double-Bit Axe |
| 11:17 | Create | Villager (Male) |
| 11:23 | Build | Farm |
| 11:25 | Build | Farm |
| 11:32 | Build | Farm |
| 11:39 | Create | Villager (Male) |
| 11:51 | Build | Farm |
| 11:51 | Create | Villager (Male) |
| 12:12 | Create | Villager (Male) |
| 12:44 | Create | Villager (Male) |
| 12:49 | Create | Villager (Male) |
| 12:49 | Create | Villager (Male) |
| 12:49 | Create | Villager (Male) |
| 13:04 | Create | Villager (Male) |
| 13:08 | Build | Market |
| 13:29 | Build | Farm |
| 13:30 | Create | Villager (Male) |
| 13:54 | Build | Farm |
| 14:02 | Create | Villager (Male) |
| 14:06 | Build | Farm |
| 14:47 | Build | Blacksmith |
| 14:52 | Build | House |
| 14:54 | Create | Villager (Male) |
| 14:54 | Create | Villager (Male) |
| 15:06 | Create | Villager (Male) |
| 15:08 | Build | Farm |
| 15:21 | Build | Farm |
| 15:23 | Create | Villager (Male) |
| 15:29 | Build | Farm |
| 15:36 | Create | Villager (Male) |
| 15:50 | Create | Villager (Male) |
| 15:54 | Create | Villager (Male) |
| 16:13 | Build | House |
| 16:16 | Build | Palisade Wall |
| 16:16 | Build | Palisade Wall |
| 16:18 | Create | Villager (Male) |
| 16:19 | Create | Villager (Male) |
| 16:22 | Build | Farm |
| 16:29 | Build | Farm |
| 16:35 | Build | Farm |
| 16:47 | Research | Castle Age |
| 16:49 | Create | Villager (Male) |
| 16:52 | Build | Mining Camp |
| 17:15 | Create | Villager (Male) |
| 17:20 | Create | Villager (Male) |
| 17:39 | Research | Horse Collar |
| 17:44 | Research | Wheelbarrow |
| 17:46 | Create | Villager (Male) |
| 18:05 | Build | House |
| 18:21 | Build | Siege Workshop |
| 18:24 | Create | Villager (Male) |
| 18:32 | Create | Villager (Male) |
| 18:41 | Build | House |
| 18:47 | Build | Palisade Wall |
| 18:49 | Build | House |
| 18:50 | Build | House |
| 19:09 | Create | Villager (Male) |
| 19:13 | Create | Villager (Male) |
| 19:27 | Age | Castle Age |
| 19:29 | Research | Hand Cart |
| 19:35 | Build | Town Center |
| 19:43 | Create | Villager (Male) |
| 19:54 | Create | Villager (Male) |
| 20:04 | Build | Town Center |
| 20:26 | Create | Villager (Male) |
| 20:29 | Build | House |
| 20:30 | Build | House |
| 20:32 | Build | House |
| 20:33 | Build | House |
| 20:44 | Create | Villager (Male) |
| 20:45 | Create | Villager (Male) |
| 20:45 | Create | Villager (Male) |
| 21:03 | Create | Villager (Male) |
| 21:05 | Create | Villager (Male) |
| 21:15 | Research | Heavy Plow |
| 21:17 | Create | Villager (Male) |
| 21:19 | Create | Villager (Male) |
| 21:19 | Create | Villager (Male) |
| 21:19 | Create | Villager (Male) |
| 21:25 | Build | Farm |
| 21:26 | Create | Villager (Male) |
| 21:34 | Create | Villager (Male) |
| 21:35 | Create | Villager (Male) |
| 21:40 | Create | Villager (Male) |
| 21:43 | Create | Mangonel |
| 21:43 | Create | Mangonel |
| 21:46 | Create | Villager (Male) |
| 21:52 | Build | House |
| 21:54 | Build | House |
| 21:55 | Build | House |
| 21:57 | Create | Villager (Male) |
| 21:58 | Create | Villager (Male) |
| 22:00 | Build | Farm |
| 22:05 | Build | Farm |
Build order — Wombat UA>Ptn
First 150 of 290 actions detected
| 0:01 | Create | Villager (Male) ×5 |
| 0:01 | Create | Villager (Male) ×5 |
| 0:05 | Build | House |
| 0:10 | Build | House |
| 1:33 | Create | Villager (Male) |
| 1:34 | Create | Villager (Male) |
| 2:08 | Create | Villager (Male) |
| 2:08 | Create | Villager (Male) |
| 2:18 | Create | Villager (Male) |
| 2:18 | Create | Villager (Male) |
| 3:04 | Build | House |
| 3:12 | Build | House |
| 3:14 | Create | Villager (Male) |
| 3:15 | Create | Villager (Male) |
| 3:15 | Create | Villager (Male) |
| 3:36 | Build | House |
| 3:47 | Build | Lumber Camp |
| 4:06 | Create | Villager (Male) |
| 4:06 | Create | Villager (Male) |
| 4:06 | Create | Villager (Male) |
| 4:27 | Create | Villager (Male) |
| 4:28 | Create | Villager (Male) |
| 5:14 | Create | Villager (Male) |
| 5:30 | Create | Villager (Male) |
| 5:30 | Create | Villager (Male) |
| 5:49 | Build | Mill |
| 6:26 | Create | Villager (Male) |
| 6:26 | Create | Villager (Male) |
| 6:26 | Create | Villager (Male) |
| 7:00 | Build | House |
| 7:52 | Create | Villager (Male) |
| 8:01 | Build | Palisade Wall |
| 8:07 | Create | Villager (Male) |
| 8:17 | Create | Villager (Male) |
| 8:25 | Build | Palisade Wall |
| 8:27 | Build | House |
| 8:28 | Build | House |
| 8:37 | Research | Feudal Age |
| 9:22 | Build | Farm |
| 10:16 | Create | Villager (Male) |
| 11:07 | Age | Feudal Age |
| 11:17 | Build | Blacksmith |
| 11:19 | Build | Market |
| 11:29 | Create | Villager (Male) |
| 11:54 | Create | Villager (Male) |
| 12:01 | Build | Farm |
| 12:10 | Research | Castle Age |
| 12:31 | Research | Double-Bit Axe |
| 12:47 | Research | Horse Collar |
| 13:10 | Research | Loom |
| 13:14 | Build | Farm |
| 13:21 | Build | Farm |
| 13:25 | Build | Farm |
| 13:45 | Build | Farm |
| 13:54 | Build | Farm |
| 14:02 | Build | Farm |
| 14:18 | Build | Farm |
| 14:39 | Build | Palisade Gate |
| 14:42 | Age | Castle Age |
| 14:46 | Research | Bow Saw |
| 14:58 | Build | Farm |
| 15:01 | Create | Villager (Male) |
| 15:09 | Create | Villager (Male) |
| 15:26 | Build | Barracks |
| 15:31 | Research | Town Watch |
| 15:39 | Build | Farm |
| 15:49 | Create | Villager (Male) |
| 16:15 | Create | Villager (Male) |
| 16:20 | Build | Mining Camp |
| 16:26 | Create | Spearman |
| 16:32 | Build | Stable |
| 16:43 | Build | Farm |
| 16:43 | Build | Farm |
| 16:45 | Create | Villager (Male) |
| 17:00 | Build | Farm |
| 17:10 | Create | Villager (Male) |
| 17:24 | Build | Farm |
| 17:26 | Create | Villager (Male) |
| 17:40 | Create | Villager (Male) |
| 18:00 | Create | Villager (Male) |
| 18:02 | Create | Knight |
| 18:03 | Research | Scale Barding Armor |
| 18:12 | Build | House |
| 18:15 | Create | Villager (Male) |
| 18:18 | Create | Villager (Male) |
| 18:28 | Build | House |
| 18:31 | Build | House |
| 18:40 | Build | House |
| 18:51 | Build | House |
| 18:55 | Build | Farm |
| 19:00 | Create | Knight |
| 19:07 | Build | Outpost |
| 19:10 | Create | Villager (Male) |
| 19:13 | Research | Bloodlines |
| 19:25 | Build | Stable |
| 19:33 | Create | Villager (Male) |
| 19:38 | Build | Farm |
| 19:41 | Create | Knight |
| 19:46 | Create | Knight |
| 19:56 | Build | House |
| 19:59 | Create | Knight |
| 20:21 | Create | Villager (Male) |
| 20:23 | Build | House |
| 20:36 | Create | Villager (Male) |
| 20:47 | Create | Knight |
| 20:48 | Create | Villager (Male) |
| 20:57 | Build | Gate |
| 21:03 | Create | Villager (Male) |
| 21:07 | Create | Knight |
| 21:07 | Create | Knight |
| 21:13 | Build | Farm |
| 21:13 | Build | Farm |
| 21:13 | Build | Farm |
| 21:13 | Build | Farm |
| 21:21 | Research | Scale Barding Armor |
| 21:39 | Create | Villager (Male) |
| 21:44 | Build | Mining Camp |
| 21:49 | Create | Knight |
| 21:55 | Create | Knight |
| 21:56 | Create | Villager (Male) |
| 22:00 | Build | Farm |
| 22:02 | Research | Heavy Plow |
| 22:04 | Create | Villager (Male) |
| 22:04 | Create | Villager (Male) |
| 22:23 | Create | Knight |
| 22:24 | Create | Villager (Male) |
| 22:38 | Build | House |
| 22:46 | Build | Town Center |
| 22:51 | Create | Knight |
| 22:52 | Create | Knight |
| 22:52 | Create | Knight |
| 22:52 | Create | Knight |
| 23:03 | Create | Villager (Male) |
| 23:13 | Research | Wheelbarrow |
| 23:20 | Create | Villager (Male) |
| 23:25 | Build | House |
| 23:26 | Build | House |
| 23:42 | Create | Villager (Male) |
| 24:09 | Build | Outpost |
| 24:15 | Research | Chain Barding Armor |
| 24:28 | Create | Villager (Male) |
| 24:41 | Create | Villager (Male) |
| 24:41 | Create | Villager (Male) |
| 25:21 | Create | Villager (Male) |
| 25:22 | Create | Villager (Male) |
| 25:36 | Create | Villager (Male) |
| 25:36 | Create | Villager (Male) |
| 25:52 | Create | Villager (Male) |
| 25:52 | Create | Villager (Male) |
| 25:55 | Build | Farm |
Build order — Nico
First 150 of 252 actions detected
| 0:01 | Create | Villager (Male) ×4 |
| 0:03 | Build | House |
| 0:04 | Build | House |
| 1:25 | Create | Villager (Male) |
| 1:50 | Create | Villager (Male) |
| 2:11 | Build | Lumber Camp |
| 2:16 | Create | Villager (Male) |
| 2:39 | Create | Villager (Male) |
| 2:59 | Create | Villager (Male) |
| 3:06 | Build | House |
| 3:08 | Build | House |
| 3:37 | Create | Villager (Male) |
| 4:08 | Create | Villager (Male) |
| 4:49 | Build | House |
| 4:51 | Create | Villager (Male) |
| 4:51 | Create | Villager (Male) |
| 4:59 | Create | Villager (Male) |
| 5:24 | Build | House |
| 5:39 | Create | Villager (Male) |
| 6:08 | Create | Villager (Male) |
| 6:08 | Create | Villager (Male) |
| 6:30 | Build | House |
| 6:38 | Create | Villager (Male) |
| 6:38 | Create | Villager (Male) |
| 7:01 | Create | Villager (Male) |
| 7:06 | Build | House |
| 7:45 | Build | House |
| 7:53 | Create | Villager (Male) |
| 8:06 | Build | Mill |
| 8:19 | Build | Mill |
| 8:28 | Research | Loom |
| 8:30 | Create | Villager (Male) |
| 8:48 | Research | Feudal Age |
| 9:04 | Build | Lumber Camp |
| 9:13 | Build | Mining Camp |
| 9:55 | Create | Villager (Male) |
| 9:55 | Create | Villager (Male) |
| 10:43 | Build | Barracks |
| 11:05 | Age | Feudal Age |
| 11:06 | Research | Double-Bit Axe |
| 11:07 | Research | Horse Collar |
| 11:21 | Build | Farm |
| 11:23 | Build | Farm |
| 11:26 | Build | Farm |
| 11:29 | Build | Farm |
| 11:32 | Build | Farm |
| 11:33 | Create | Villager (Male) |
| 11:53 | Build | Archery Range |
| 12:05 | Create | Villager (Male) |
| 12:08 | Build | Farm |
| 12:40 | Build | Farm |
| 12:45 | Create | Villager (Male) |
| 12:49 | Create | Archer |
| 12:49 | Create | Archer |
| 12:53 | Create | Villager (Male) |
| 12:56 | Build | Farm |
| 13:15 | Build | Farm |
| 13:23 | Create | Villager (Male) |
| 13:33 | Create | Archer |
| 13:36 | Create | Archer |
| 13:39 | Create | Villager (Male) |
| 13:43 | Build | Farm |
| 13:51 | Create | Villager (Male) |
| 14:21 | Build | Blacksmith |
| 14:30 | Create | Villager (Male) |
| 14:53 | Build | Farm |
| 14:56 | Create | Villager (Male) |
| 15:13 | Build | House |
| 15:18 | Create | Archer |
| 15:19 | Create | Archer |
| 15:29 | Create | Villager (Male) |
| 15:35 | Research | Loom |
| 16:03 | Build | Archery Range |
| 16:23 | Research | Castle Age |
| 16:31 | Create | Archer |
| 16:31 | Create | Archer |
| 16:40 | Research | Fletching |
| 16:56 | Build | Farm |
| 17:09 | Build | Mining Camp |
| 17:13 | Create | Archer |
| 17:13 | Create | Archer |
| 17:24 | Create | Archer |
| 17:40 | Research | Padded Archer Armor |
| 18:23 | Create | Archer |
| 18:23 | Create | Archer |
| 18:24 | Create | Archer |
| 18:28 | Research | Gold Mining |
| 18:29 | Research | Stone Mining |
| 19:01 | Create | Villager (Male) |
| 19:01 | Create | Villager (Male) |
| 19:11 | Age | Castle Age |
| 19:15 | Build | Town Center |
| 19:23 | Research | Crossbowman (upgrade) |
| 19:25 | Research | Bodkin Arrow |
| 19:53 | Build | Town Center |
| 20:01 | Research | Bow Saw |
| 20:05 | Build | House |
| 20:26 | Create | Archer |
| 20:26 | Create | Archer |
| 20:47 | Build | Palisade Gate |
| 20:49 | Create | Archer |
| 20:50 | Create | Archer |
| 20:52 | Create | Villager (Male) |
| 20:52 | Create | Villager (Male) |
| 20:58 | Create | Villager (Male) |
| 20:58 | Create | Villager (Male) |
| 21:02 | Create | Archer |
| 21:12 | Build | Farm |
| 21:41 | Create | Archer |
| 21:41 | Create | Archer |
| 21:42 | Create | Archer |
| 21:43 | Create | Villager (Male) |
| 21:43 | Create | Villager (Male) |
| 21:45 | Create | Villager (Male) |
| 21:48 | Build | Farm |
| 21:52 | Build | Farm |
| 21:55 | Build | Farm |
| 21:57 | Create | Villager (Male) |
| 21:57 | Create | Villager (Male) |
| 22:02 | Build | House |
| 22:04 | Build | House |
| 22:05 | Build | House |
| 22:06 | Build | House |
| 22:08 | Create | Archer |
| 22:08 | Create | Archer |
| 22:20 | Build | Farm |
| 22:22 | Create | Villager (Male) |
| 22:24 | Create | Villager (Male) |
| 22:24 | Create | Villager (Male) |
| 22:24 | Create | Villager (Male) |
| 22:38 | Create | Villager (Male) |
| 22:43 | Build | Farm |
| 22:45 | Build | Farm |
| 22:59 | Create | Villager (Male) |
| 22:59 | Create | Villager (Male) |
| 23:07 | Build | Farm |
| 23:12 | Build | Farm |
| 23:14 | Research | Heavy Plow |
| 23:43 | Build | House |
| 23:44 | Build | House |
| 24:01 | Build | University |
| 24:02 | Create | Archer |
| 24:02 | Create | Archer |
| 24:02 | Create | Archer |
| 24:03 | Create | Archer |
| 24:06 | Create | Villager (Male) |
| 24:06 | Create | Villager (Male) |
| 24:06 | Create | Villager (Male) |
| 24:08 | Research | Wheelbarrow |
| 24:24 | Build | Farm |
Build order — Alto Ki
First 150 of 384 actions detected
| 0:01 | Create | Villager (Male) ×4 |
| 0:02 | Build | House |
| 0:03 | Build | House |
| 1:27 | Create | Villager (Male) |
| 1:28 | Create | Villager (Male) |
| 1:28 | Create | Villager (Male) |
| 1:49 | Build | Lumber Camp |
| 1:56 | Create | Villager (Male) |
| 1:56 | Create | Villager (Male) |
| 1:57 | Create | Villager (Male) |
| 2:10 | Create | Villager (Male) |
| 2:10 | Create | Villager (Male) |
| 2:11 | Create | Villager (Male) |
| 2:42 | Build | House |
| 2:43 | Build | House |
| 2:45 | Create | Villager (Male) |
| 2:45 | Create | Villager (Male) |
| 2:45 | Create | Villager (Male) |
| 3:08 | Create | Villager (Male) |
| 3:09 | Create | Villager (Male) |
| 3:20 | Build | House |
| 3:38 | Create | Villager (Male) |
| 3:39 | Create | Villager (Male) |
| 3:39 | Create | Villager (Male) |
| 3:55 | Create | Villager (Male) |
| 3:55 | Create | Villager (Male) |
| 4:23 | Build | Mill |
| 4:33 | Create | Villager (Male) |
| 4:33 | Create | Villager (Male) |
| 4:33 | Create | Villager (Male) |
| 4:43 | Build | House |
| 4:58 | Create | Villager (Male) |
| 4:58 | Create | Villager (Male) |
| 5:26 | Create | Villager (Male) ×3 |
| 5:26 | Create | Villager (Male) ×3 |
| 5:27 | Create | Villager (Male) ×3 |
| 5:41 | Build | Palisade Gate |
| 5:43 | Build | Palisade Wall |
| 6:42 | Create | Villager (Male) |
| 6:43 | Create | Villager (Male) |
| 7:08 | Create | Villager (Male) |
| 7:09 | Create | Villager (Male) |
| 7:43 | Create | Villager (Male) |
| 8:07 | Create | Villager (Male) |
| 8:08 | Build | Mining Camp |
| 8:29 | Research | Feudal Age |
| 8:29 | Research | Feudal Age |
| 10:31 | Create | Villager (Male) |
| 10:31 | Create | Villager (Male) |
| 10:31 | Create | Villager (Male) |
| 10:59 | Age | Feudal Age |
| 11:03 | Build | Market |
| 11:05 | Build | Blacksmith |
| 12:19 | Research | Castle Age |
| 12:19 | Research | Castle Age |
| 12:19 | Research | Castle Age |
| 12:28 | Build | Mining Camp |
| 12:40 | Research | Double-Bit Axe |
| 12:40 | Research | Double-Bit Axe |
| 13:47 | Build | House |
| 14:16 | Create | Villager (Male) |
| 14:22 | Research | Horse Collar |
| 14:27 | Research | Gold Mining |
| 14:27 | Research | Gold Mining |
| 14:59 | Age | Castle Age |
| 15:03 | Build | Castle |
| 15:06 | Research | Loom |
| 15:06 | Research | Loom |
| 15:07 | Create | Villager (Male) |
| 15:32 | Create | Villager (Male) |
| 16:04 | Build | Town Center |
| 16:10 | Build | Mining Camp |
| 16:17 | Create | Villager (Male) |
| 16:29 | Create | Conquistador |
| 16:29 | Create | Conquistador |
| 16:49 | Create | Villager (Male) |
| 16:57 | Build | Monastery |
| 17:02 | Create | Villager (Male) |
| 17:26 | Create | Villager (Male) |
| 17:29 | Create | Villager (Male) |
| 17:31 | Build | Farm |
| 17:47 | Create | Monk |
| 17:51 | Build | Farm |
| 17:56 | Create | Conquistador |
| 18:05 | Build | Farm |
| 18:13 | Build | Farm |
| 18:24 | Create | Monk |
| 18:29 | Create | Villager (Male) ×2 |
| 18:30 | Create | Villager (Male) ×2 |
| 18:33 | Build | Farm |
| 18:49 | Build | Farm |
| 18:49 | Build | Farm |
| 18:49 | Build | Farm |
| 18:49 | Build | Farm |
| 18:50 | Build | Farm |
| 18:50 | Build | Farm |
| 18:50 | Build | Farm |
| 19:03 | Create | Villager (Male) |
| 19:03 | Create | Villager (Male) |
| 19:03 | Create | Villager (Male) |
| 19:06 | Build | Farm |
| 19:06 | Build | Farm |
| 19:07 | Build | Farm |
| 19:07 | Build | Farm |
| 19:07 | Build | Farm |
| 19:07 | Build | Farm |
| 19:07 | Build | Farm |
| 19:18 | Create | Monk |
| 19:29 | Create | Villager (Male) |
| 19:29 | Create | Villager (Male) |
| 19:30 | Create | Villager (Male) |
| 19:32 | Build | Farm |
| 19:32 | Build | Farm |
| 19:32 | Build | Farm |
| 19:33 | Build | Farm |
| 19:33 | Build | Farm |
| 19:33 | Build | Farm |
| 19:33 | Build | Farm |
| 19:53 | Build | Farm |
| 20:04 | Create | Conquistador |
| 20:15 | Create | Monk |
| 20:20 | Create | Villager (Male) |
| 20:21 | Create | Villager (Male) |
| 20:21 | Create | Villager (Male) |
| 20:24 | Build | Farm |
| 20:27 | Create | Villager (Male) |
| 20:27 | Create | Villager (Male) |
| 20:35 | Create | Villager (Male) |
| 20:36 | Create | Villager (Male) |
| 20:39 | Build | Farm |
| 20:39 | Build | Farm |
| 20:39 | Build | Farm |
| 20:39 | Build | Farm |
| 20:40 | Build | Farm |
| 20:48 | Create | Villager (Male) |
| 20:58 | Create | Villager (Male) |
| 20:59 | Create | Villager (Male) |
| 21:06 | Create | Monk |
| 21:07 | Create | Monk |
| 21:15 | Create | Conquistador |
| 21:15 | Create | Conquistador |
| 21:16 | Create | Conquistador |
| 21:43 | Build | Siege Workshop |
| 21:56 | Create | Villager (Male) |
| 21:56 | Create | Villager (Male) |
| 21:58 | Create | Conquistador |
| 21:58 | Create | Conquistador |
| 21:58 | Create | Conquistador |
| 22:07 | Create | Villager (Male) ×2 |
| 22:08 | Create | Villager (Male) ×2 |
Match timeline
| 5:43 | Alto Ki · wall_segment Palisade Wall x4 |
| 7:59 | G Baroj · wall_segment Palisade Wall x1 |
| 7:59 | G Baroj · wall_segment Palisade Wall x1 |
| 8:01 | Wombat UA>Ptn · wall_segment Palisade Wall x2 |
| 8:25 | Wombat UA>Ptn · wall_segment Palisade Wall x1 |
| 9:36 | G Baroj · age_up feudal |
| 10:43 | Nico · first_building Barracks |
| 10:59 | Alto Ki · age_up feudal |
| 11:05 | Nico · age_up feudal |
| 11:07 | Wombat UA>Ptn · age_up feudal |
| 11:53 | Nico · first_building Archery Range |
| 12:09 | Wombat UA>Ptn · first_market_sell 100 wood |
| 12:10 | Alto Ki · first_market_sell 100 wood |
| 12:13 | Alto Ki · first_market_buy 100 food |
| 14:42 | Wombat UA>Ptn · age_up castle |
| 14:59 | Alto Ki · age_up castle |
| 15:03 | Alto Ki · first_building Castle |
| 15:26 | Wombat UA>Ptn · first_building Barracks |
| 16:16 | G Baroj · wall_segment Palisade Wall x1 |
| 16:16 | G Baroj · wall_segment Palisade Wall x1 |
| 16:32 | Wombat UA>Ptn · first_building Stable |
| 16:46 | G Baroj · first_market_sell 100 stone |
| 16:57 | Alto Ki · first_building Monastery |
| 18:21 | G Baroj · first_building Siege Workshop |
| 18:47 | G Baroj · wall_segment Palisade Wall x1 |
| 19:11 | Nico · age_up castle |
| 19:27 | G Baroj · age_up castle |
| 21:43 | Alto Ki · first_building Siege Workshop |
| 22:47 | G Baroj · first_building Barracks |
| 25:48 | Alto Ki · wall_segment Stone Wall x7 |
| 28:17 | Wombat UA>Ptn · first_building Castle |
| 29:52 | Nico · first_building Monastery |
| 30:55 | Alto Ki · wall_segment Stone Wall x8 |
| 30:58 | Nico · first_building Castle |
| 31:04 | Wombat UA>Ptn · wall_segment Stone Wall x10 |
| 31:06 | Alto Ki · wall_segment Stone Wall x8 |
| 31:08 | G Baroj · age_up imperial |
| 31:27 | Alto Ki · first_building Barracks |
| 32:37 | Wombat UA>Ptn · age_up imperial |
| 32:40 | Alto Ki · first_building Stable |
| 33:50 | Nico · first_building Siege Workshop |
| 34:01 | Nico · age_up imperial |
| 34:29 | Nico · first_market_sell 100 stone |
| 34:49 | Alto Ki · age_up imperial |
| 35:44 | Wombat UA>Ptn · first_building Monastery |
| 39:13 | Alto Ki · wall_segment Stone Wall x6 |
| 40:30 | G Baroj · first_building Stable |
| 40:53 | Wombat UA>Ptn · resign |
[ AI ANALYSIS · 1 CREDIT ]
What really happened in this match?
Wolo.gg analyzes every decision: build order, eco, micro, common mistakes by bracket. Personalized analysis on WhatsApp or Discord in 30 seconds.
Civ guide
Cumans
Map guide
Glade
Perfil
G Baroj